 Dungeon Crawl Stone Soup version 0.29-a0-304-gb34f9e1 (webtiles) character file.

Game seed: 8235959342170897599

19 Think the Cutter (level 2, 0/21 HPs)
             Began as an Octopode Fighter on Mar 25, 2022.
             Constricted to death by a ball python (1 damage)
             ... on level 2 of the Dungeon.
             The game lasted 00:01:27 (972 turns).

Think the Cutter (Octopode Fighter)                  Turns: 972, Time: 00:01:27

Health: 0/21       AC:  1    Str: 15    XL:     2   Next: 75%
Magic:  2/2        EV: 10    Int: 10    God:
Gold:   27         SH:  4    Dex: 11    Spells: 1/1 levels left

rFire   . . .      SeeInvis .   a - +0 rapier
rCold   . . .      Faith    .   b - +0 buckler
rNeg    . . .      Spirit   .   (helmet restricted)
rPois   .          Reflect  .   (no amulet)
rElec   .          Harm     .   (no ring)
rCorr   .          Rampage  .   (no ring)
Will    .....                   (no ring)
Stlth   ++........              (no ring)
HPRegen 0.07/turn               (no ring)
MPRegen 0.08/turn               (no ring)
                                (no ring)
                                (no ring)

@: slowed, constricted, very slow
A: almost no armour, amphibious, 8 rings, camouflage 1, gelatinous body 1,
(nimble swimmer 1), tentacles
a: no special abilities


You were on level 2 of the Dungeon.
You visited 1 branch of the dungeon, and saw 2 of its levels.

You collected 27 gold pieces.

Inventory:

Hand Weapons
 a - a +0 rapier (weapon)
Armour
 b - a +0 buckler (worn)
Scrolls
 d - 2 scrolls of amnesia {unknown}
 e - a scroll of identify {unknown}
Potions
 c - 2 potions of might


   Skills:
 - Level 3.0 Fighting
 + Level 3.2 Short Blades
 - Level 3.0 Dodging
 - Level 3.0 Shields


You had one spell level left.
You didn't know any spells.
Your spell library contained the following spells:

 Spells                   Type           Power      Damage    Failure   Level
 Inner Flame              Hex/Fire       0%         N/A       83%         3
 Cause Fear               Hex            0%         N/A       99%         4
 Discord                  Hex            0%         N/A       100%        8


Dungeon Overview and Level Annotations

Branches:
Dungeon (2/15)

Altars:

Annotations:
D:2 Natasha


Innate Abilities, Weirdness & Mutations

You cannot wear most types of armour.
You are amphibious.
You can wear up to eight rings at the same time.
Your skin changes colour to match your surroundings (Stealth+).
Your rubbery body absorbs attacks. (AC +1, EV +1)
((You are camouflaged when in or above water. (Stealth+)))
You have tentacles for arms and can constrict up to eight enemies at once.


Message History

Key pressed, stopping explore.
Found 22 stones.
Found a stone staircase leading down.
Natasha, Servant of Life and Death comes into view.
Natasha hisses angrily.
Natasha is nearby!
Natasha is nearby!
Found a scroll labelled COOPLIDU NURISYGE.
A ball python comes into view.
The ball python hisses angrily.
Natasha closely misses you.
You hit Natasha. Your grab misses Natasha.
Natasha is lightly wounded.
Natasha barely misses you.
You puncture Natasha! Your grab misses Natasha.
Natasha is heavily wounded.
Natasha claws you! The ball python closely misses you. x2
Natasha casts a spell at you.
You feel yourself slow down.
You hit Natasha. Your grab misses Natasha.
Natasha is heavily wounded.
The ball python bites you. You block the ball python's attack.
Natasha casts a spell.
You are too injured to fight recklessly!
You are too injured to fight recklessly!
You are too injured to fight recklessly!
You are too injured to fight recklessly!
There are monsters nearby!
You closely miss Natasha. Your grab misses Natasha.
Natasha is heavily wounded.
The ball python barely misses you. x2; Natasha drinks a potion.
Natasha is healed!
The ball python barely misses you. The ball python grabs you.
The ball python constricts you. Natasha claws you.
* * * LOW HITPOINT WARNING * * *
You barely miss Natasha. Your grab misses Natasha.
Natasha is lightly wounded.
The ball python bites you.
* * * LOW HITPOINT WARNING * * *
The ball python constricts you.
You die...

........## ....#...# ..
........# ## ...
........? .# (. ..
#..#..... <# ..#
#.##5.....>. .###..#.#
#.#Sh?....# ##......#
#...@.....# ##......#
#.........#
......)>..####$...(...#
...<.........##.....#...
.............##.....# ..
....#........##.....#...
....#..................
....#........##.....##.
....#........##.....##..


You could see Natasha, a crimson imp (summoned) and a ball python.

Vanquished Creatures
  3 endoplasms (D:1)
  2 hobgoblins (D:1)
  A quokka (D:2)
  3 ball pythons (D:1)
  2 bats (D:1)
  A frilled lizard (D:1)
  A goblin (D:1)
  4 kobolds (D:1)
  A rat (D:2)
18 creatures vanquished.

Notes
Turn   | Place    | Note
-------+----------+-------------------------------------------
     0 | D:1      | Think the Octopode Fighter began the quest for the Orb.
     0 | D:1      | Reached XP level 1. HP: 16/16 MP: 1/1
   311 | D:1      | Reached XP level 2. HP: 21/21 MP: 2/2
   964 | D:2      | Noticed Natasha
   971 | D:2      | Noticed a crimson imp
   972 | D:2      | HP: 1/21 [ball python (3)]
   972 | D:2      | Constricted to death by a ball python

Illustrated notes

Levels and vault maps discovered:
D:1:      erik_arrival_orb_chamber, layout_loops_corners
D:2:      layout_loops_ring, skrybe_limestone_x, kennysheep_generic_room_13,
          uniq_natasha

Skill      XL: |  1  2 |
---------------+-------+-----
Short Blades   | 3 |  3.2
Fighting       | |  3.0
Dodging        | |  3.0
Shields        | |  3.0

Action                   || total
-------------------------++-------
Melee: Rapier            ||    33
       Tentacles         ||     4
       Constrict         ||     3
 Stab: Sleeping          ||     3
Armor: Skin              ||     2
Dodge: Dodged            ||    25
Block: Buckler           ||     5

Table legend: (Time is in decaauts)
 A = Elapsed time spent in this place.
 B = Non-inter-level travel time spent in this place.
 C = Inter-level travel time spent in this place.
 D = Time resting spent in this place.
 E = Time spent auto-exploring this place.
 F = Levels seen in this place.
 G = Mean time per level.
                   A        B        C        D        E       F      G
               +--------+--------+--------+--------+--------+-----+--------+
         Total |    975 |    966 |      9 |      0 |    835 |   2 |  487.5 |
       Dungeon |    975 |    966 |      9 |      0 |    835 |   2 |  487.5 |
               +--------+--------+--------+--------+--------+-----+--------+

Top non-repeatable levels by time:
     D:1: 924 daAuts
     D:2: 51 daAuts
